 Dungeon Crawl Stone Soup version 0.19-a0-157-gbc558dc (webtiles) character file.

93 wvc the Skirmisher (level 4, 8/35 HPs)
             Began as a Mummy Monk on May 20, 2016.
             Quit the game on level 3 of the Dungeon.
             The game lasted 00:03:28 (2361 turns).

wvc the Skirmisher (Mummy Monk)                     Turns: 2361, Time: 00:03:29

Health: 8/35       AC:  6    Str: 14    XL:     4   Next: 37%
Magic:  4/4        EV: 12    Int:  9    God:
Gold:   117        SH:  0    Dex: 15    Spells: 0 memorised, 3 levels left

rFire  x . .     SeeInvis .       - Unarmed
rCold  + . .     Gourm    .     n - +0 ring mail
rNeg   + + +     Faith    .     (no shield)
rPois  ∞         Spirit   .     (no helmet)
rElec  .         Dismiss  .     (no cloak)
rCorr  .         Reflect  .     c - +0 pair of gloves
SustAt .         Harm     .     (no boots)
MR     .....                    (no amulet)
Stlth  +.........               (no ring)
                                (no ring)

@: not resistant to hostile enchantments, very unstealthy
A: no food or potions, fire vulnerability, cold resistance 1, negative energy
resistance 3, torment resistance, unbreathing
a: no special abilities


You were on level 3 of the Dungeon.
You were not hungry.

You visited 1 branch of the dungeon, and saw 3 of its levels.

You collected 117 gold pieces.

Inventory:

Hand Weapons
 a - a +0 hunting sling
Missiles
 j - 10 poisoned needles
Armour
 c - a +0 pair of gloves (worn)
 n - a +0 ring mail (worn)
Scrolls
 f - 2 scrolls of recharging
 g - a scroll of fog
 i - a scroll of teleportation
 k - a scroll of fear


   Skills:
 + Level 3.5 Fighting
 * Level 1.4 Armour
 + Level 3.5 Dodging
 - Level 1.5 Stealth
 - Level 3.2 Unarmed Combat


You had 3 spell levels left.
You didn't know any spells.

Dungeon Overview and Level Annotations

Branches:
Dungeon (3/15)

Altars:

Annotations:
D:3 Sl000nik's ghost, amateur GrFi


Innate Abilities, Weirdness & Mutations

You do not eat or drink.
Your flesh is vulnerable to fire.
You are immune to poison.
Your flesh is cold resistant.
You are immune to negative energy.
You are immune to unholy pain and torment.
You can survive without breathing.


Message History

You punch Sl000nik's ghost, but do no damage.
Sl000nik's ghost is lightly damaged.
Sl000nik's ghost barely misses you.
You miss Sl000nik's ghost.
Sl000nik's ghost is lightly damaged.
Sl000nik's ghost hits you!
You barely miss Sl000nik's ghost.
Sl000nik's ghost is lightly damaged.
Sl000nik's ghost hits you!
You hit Sl000nik's ghost but do no damage.
Sl000nik's ghost is lightly damaged.
Sl000nik's ghost barely misses you.
You hit Sl000nik's ghost.
Sl000nik's ghost is lightly damaged.
Sl000nik's ghost hits you!
* * * LOW HITPOINT WARNING * * *
You are too injured to fight recklessly!
You are too injured to fight recklessly!
You are too injured to fight recklessly!
Are you sure you want to abandon this character and quit the game? (Confirm with "yes".)

....# .o. ##..# ######.#
#..### #...#..# #....#####
#.....# ####.......##
#...# #.......##..###...#
..........#...##o##
........#.#§.§##W#
))....).#..§§§##@##
....[......§§§##..##
.........##§§§###..#
.........##§§§# ##.###
..<.......#...####...####
...................^.....#
#.....#####.#.#........#..
.##...# #...............#
. #.#.. #..##..........###


You could see Sl000nik's ghost and an orc.

Vanquished Creatures
  A worker ant (D:3)
  3 adders (D:2)
  A worm (D:2)
  2 dart slugs (D:2)
  2 giant geckos (D:2)
  2 giant cockroaches
  7 goblins
  2 hobgoblins (D:1)
  4 bats
  3 giant newts
  7 kobolds
  4 rats
38 creatures vanquished.

Notes
Turn   | Place    | Note
--------------------------------------------------------------
     0 | D:1      | wvc the Mummy Monk began the quest for the Orb.
     0 | D:1      | Reached XP level 1. HP: 18/18 MP: 1/1
   323 | D:1      | Reached XP level 2. HP: 24/24 MP: 2/2
   791 | D:2      | Reached skill level 1 in Armour
   791 | D:2      | Reached XP level 3. HP: 23/29 MP: 3/3
   994 | D:2      | HP: 1/29 [worm (7)]
  2110 | D:3      | Reached XP level 4. HP: 35/35 MP: 4/4
  2148 | D:3      | Noticed Sl000nik's ghost (amateur GrFi)
  2361 | D:3      | Quit the game

Vault maps used:
D:1:      minmay_arrival_solitary_statue
D:2:      first_bread
D:3:      nicolae_overflow_crystal_walls, nicolae_gozag_seed_capital

Skill      XL: |  1  2 |
---------------+-------+-----
Armour         | 1 |  1.4
Dodging        | 3 |  3.5
Fighting       | |  3.5
Stealth        | |  1.5
Unarmed Combat | |  3.2

Action                   |  1- 3 |  4- 6 || total
-------------------------+-------+-------++-------
Melee: Unarmed           |   146 |    36 ||   182
       Punch             |     2 |     1 ||     3
 Fire: Hunting sling     |       |     2 ||     2
Throw: Stone             |       |     1 ||     1
  Use: Scroll            |       |     8 ||     8
 Stab: Sleeping          |    10 |       ||    10
Armor: Robe              |    21 |     3 ||    24
       Ring mail         |       |     1 ||     1
Dodge: Dodged            |    81 |    22 ||   103
